 Dungeon Crawl Stone Soup version 0.26-a0-639-g72c4674329 (webtiles) character file.

Game seed: 12235330505616388871

177 PentaManta the Bolt Thrower (level 5, -2/36 HPs)
             Began as a Halfling Hunter on Sept 17, 2020.
             Slain by a lemure (3 damage)
             ... led by Pikel
             ... on level 4 of the Dungeon.
             The game lasted 00:16:09 (4865 turns).

PentaManta the Bolt Thrower (Halfling Hunter)       Turns: 4865, Time: 00:16:11

Health: -2/36      AC: 10    Str: 14    XL:     5   Next: 87%
Magic:  5/5        EV: 14    Int:  9    God:
Gold:   229        SH:  0    Dex: 15    Spells: 4/4 levels left

rFire    . . .     SeeInvis .   A - +2 dagger (venom)
rCold    . . .     Faith    .   (shield restricted)
rNeg     . . .     Spirit   .   k - +0 ring mail
rPois    +         Reflect  .   B - +0 helmet
rElec    .         Harm     .   (no cloak)
rCorr    .         Rampage  .   m - +0 pair of gloves
MR       .....                  z - +2 pair of boots
Stlth    +.........             (no amulet)
HPRegen  0.12/turn              g - ring of poison resistance
MPRegen  0.09/turn              (no ring)

@: no status effects
A: small, mutation resistance 1
a: no special abilities


You were on level 4 of the Dungeon.
You visited 1 branch of the dungeon, and saw 4 of its levels.

You collected 229 gold pieces.

Inventory:

Hand Weapons
 a - a +2 hand crossbow
 p - a +1 whip of pain
 A - a +2 dagger of venom (weapon)
Missiles
 b - 21 sling bullets
 d - 8 bolts
 l - 61 stones
 s - 2 boomerangs (quivered)
Armour
 f - a +0 buckler
 i - a +0 scale mail
 k - a +0 ring mail (worn)
 m - a +0 pair of gloves (worn)
 z - a +2 pair of boots (worn)
 B - a +0 helmet (worn)
Jewellery
 e - an uncursed ring of ice
 g - a ring of poison resistance (left hand)
 r - an uncursed ring of ice
 y - an uncursed ring of wizardry
Scrolls
 h - a scroll of remove curse
 n - a scroll of blinking {unknown}
 o - 2 scrolls of teleportation
 u - a scroll of enchant armour {unknown}
Potions
 c - 2 potions of ambrosia
 j - a potion of cancellation
 q - a potion of haste
 v - 2 potions of invisibility {unknown}
 w - 2 potions of might {unknown}


   Skills:
 + Level 2.8 Fighting
 + Level 5.3 Crossbows
 + Level 2.4 Armour
 + Level 3.5 Dodging
 - Level 1.1 Stealth


You had 4 spell levels left.
You didn't know any spells.
Your spell library was empty.

Dungeon Overview and Level Annotations

Branches:
Dungeon (4/15)
 Temple: D:4-7

Altars:
Gozag
Xom

Annotations:
D:2 Sigmund
D:4 Pikel


Innate Abilities, Weirdness & Mutations

You are small and have problems with some larger weapons.
You are somewhat resistant to further mutation.


Message History

You climb downwards.
Level annotation: Pikel The lemure closely misses you.
Pikel hits you with a +1 whip of electrocution.
You are electrocuted!
The leopard gecko bites you but does no damage.
The lemure hits you. The lemure barely misses you. Pikel closely misses you.
The leopard gecko bites you but does no damage.
There is a stone staircase leading up here.
The lemure closely misses you. The lemure hits you.
The leopard gecko misses you. Pikel hits you but does no damage.
You climb upwards.
There is a stone staircase leading down here.
The lemure barely misses you.
The leopard gecko bites you but does no damage.
Pikel hits you with a +1 whip of electrocution.
You are electrocuted!
* * * LOW HITPOINT WARNING * * *
You climb downwards.
The lemure hits you.
You die...

#.# #...##... #.#
####..#... #.#
#.5.555l?. #.#
#.###.##..
######.#####5# #.# #.
##......))[...# #.$ #
##........<....#####.
#....K.5.).)5...# ..
#.....@l........# ..
#......5........# ..
#........>......#
#...............#
##.............##
##.....#.....##
#############


You could see Pikel, 3 lemures and a leopard gecko.

Vanquished Creatures
  A water moccasin zombie (D:3)
  An orc wizard (D:3)
  Robin (D:3)
  2 adders
  2 worms
  A leopard gecko (D:2)
  6 orcs
  A ball python (D:1)
  3 bats
  2 giant cockroaches
  15 goblins
  4 hobgoblins
  7 kobolds
  A quokka (D:3)
  5 rats
52 creatures vanquished.

Notes
Turn   | Place    | Note
-------+----------+-------------------------------------------
     0 | D:1      | PentaManta the Halfling Hunter began the quest for the Orb.
     0 | D:1      | Reached XP level 1. HP: 14/14 MP: 1/1
   359 | D:1      | Reached XP level 2. HP: 16/19 MP: 2/2
   948 | D:2      | Reached skill level 1 in Armour
   948 | D:2      | Reached XP level 3. HP: 24/24 MP: 3/3
  1473 | D:2      | Found an opulent altar of Gozag.
  1727 | D:2      | Noticed Sigmund
  2106 | D:3      | Reached skill level 5 in Crossbows
  2106 | D:3      | Reached XP level 4. HP: 13/30 MP: 4/4
  2408 | D:3      | Found a shimmering altar of Xom.
  2474 | D:3      | Found a faded altar of an unknown god.
  3332 | D:3      | Reached XP level 5. HP: 27/35 MP: 5/5
  3593 | D:3      | Noticed Robin
  4010 | D:3      | Killed Robin
  4427 | D:4      | Noticed Pikel
  4428 | D:4      | Noticed a lemure
  4429 | D:4      | Noticed a lemure
  4429 | D:4      | Noticed a lemure
  4434 | D:4      | Noticed a lemure
  4864 | D:3      | HP: 1/36 [Pikel/+1 whip of electrocution (12)]
  4865 | D:4      | Slain by a lemure

Illustrated notes

Levels and vault maps discovered:
D:1:      dpeg_arrival_windows_large_door, layout_loops_ring,
          grunt_decor_one_mirror
D:2:      layout_rooms, overflow_temple_1_default, st_stairs_1, uniq_sigmund
D:3:      layout_loops_ring, chequers_ecumenical_altar_grove, xom_teletrap_fun,
          uniq_robin
D:4:      layout_rooms, kennysheep_slug_shrine, lemuel_blue_sif_altar,
          serial_shops, nicolae_shop_window_shopping, serial_corexii_hall,
          corexii_hall_statues_u, chequers_hall_statues_y,
          kennysheep_small_spiral, uniq_ijyb, uniq_pikel

Skill      XL: |  1  2  3  4  5 |
---------------+----------------+-----
Fighting       | 2 |  2.8
Armour         | 1 2 |  2.4
Crossbows      | 5 |  5.3
Dodging        | 3 |  3.5
Stealth        | |  1.1

Action                   |  1- 3 |  4- 6 || total
-------------------------+-------+-------++-------
Melee: Short sword       |    18 |       ||    18
       Dagger            |   113 |    57 ||   170
       Whip              |       |    32 ||    32
 Fire: Hand crossbow     |    26 |    26 ||    52
Throw: Stone             |     4 |       ||     4
       Boomerang         |       |    10 ||    10
  Use: Scroll            |     7 |     4 ||    11
       Potion            |       |     1 ||     1
 Stab: Sleeping          |     2 |       ||     2
Armor: Leather armour    |    29 |     2 ||    31
       Ring mail         |       |    26 ||    26
Dodge: Dodged            |   112 |    62 ||   174

Table legend: (Time is in decaauts)
 A = Elapsed time spent in this place.
 B = Non-inter-level travel time spent in this place.
 C = Inter-level travel time spent in this place.
 D = Time resting spent in this place.
 E = Time spent auto-exploring this place.
 F = Levels seen in this place.
 G = Mean time per level.
                   A        B        C        D        E       F      G
               +--------+--------+--------+--------+--------+-----+--------+
         Total |   4885 |   4814 |     71 |   1948 |   1770 |   4 | 1221.2 |
       Dungeon |   4885 |   4814 |     71 |   1948 |   1770 |   4 | 1221.2 |
               +--------+--------+--------+--------+--------+-----+--------+

Top non-repeatable levels by time:
     D:3: 2463 daAuts
     D:2: 1066 daAuts
     D:1: 912 daAuts
     D:4: 442 daAuts
